 Dungeon Crawl Stone Soup version 0.29.1-13-g9f3cf754e1 (webtiles) character file.

Game seed: 5310405980223246603

3964 Ulme007 the Cleaver (level 10, -4/88 HPs)
             Began as a Minotaur Fighter on Feb 3, 2023.
             Slain by a wyvern (13 damage)
             ... on level 8 of the Dungeon.
             The game lasted 01:18:00 (8877 turns).

Ulme007 the Cleaver (Minotaur Fighter)              Turns: 8877, Time: 01:18:04

Health: -4/88      AC: 10    Str: 21    XL:     10   Next: 2%
Magic:  9/9        EV: 11    Int:  7    God:
Gold:   0          SH:  5    Dex: 12    Spells: 9/9 levels left

rFire   . . .      SeeInvis .   a - +0 war axe
rCold   . . .      Faith    .   c - +0 buckler
rNeg    . . .      Spirit   .   b - +1 scale mail
rPois   .          Reflect  .   (helmet restricted)
rElec   .          Harm     .   (no cloak)
rCorr   .          Rampage  .   (no gloves)
Will    +....                   i - +0 pair of boots
Stlth   ..........              (no amulet)
HPRegen 0.24/turn               r - ring of willpower
MPRegen 0.11/turn               (no ring)

@: mighty
A: horns 2, retaliatory headbutt
a: no special abilities


You were on level 8 of the Dungeon.
You visited 2 branches of the dungeon, and saw 10 of its levels.

Inventory:

Hand Weapons
 a - a +0 war axe (weapon)
 l - a +0 shortbow
 u - a +2 shortbow of freezing
Armour
 b - a +1 scale mail (worn)
 c - a +0 buckler (worn)
 i - a +0 pair of boots (worn)
Jewellery
 h - a ring of fire
 k - a ring of wizardry
 n - a ring of protection from cold
 r - a ring of willpower (left hand)
Wands
 d - a wand of polymorph (9)
 g - a wand of flame (22)
 o - a wand of charming (4)
Scrolls
 f - a scroll of silence
 j - a scroll of summoning
 p - 2 scrolls of vulnerability
 y - a scroll of amnesia {unknown}
Potions
 e - 2 potions of attraction
 t - a potion of cancellation


   Skills:
 + Level 8.0 Fighting
 + Level 11.6 Axes
 + Level 9.4 Armour
 + Level 3.9 Dodging
 + Level 1.0 Stealth
 + Level 5.5 Shields
 + Level 0.6 Unarmed Combat


You had 9 spell levels left.
You didn't know any spells.
Your spell library contained the following spells:

 Spells                   Type           Power      Damage    Failure   Level
 Beastly Appendage        Tmut           0%         N/A       80%         1
 Ensorcelled Hibernation  Hex/Ice        0%         N/A       91%         2
 Passwall                 Tmut/Erth      0%         N/A       91%         2
 Scorch                   Fire           0%         2d5       91%         2
 Sublimation of Blood     Necr           0%         N/A       91%         2
 Wereblood                Tmut           0%         N/A       91%         2
 Spider Form              Tmut/Pois      0%         N/A       99%         3
 Swiftness                Air            0%         N/A       99%         3
 Anguish                  Hex/Necr       0%         N/A       100%        4
 Flame Wave               Conj/Fire      0%         2d4       100%        4
 Summon Cactus Giant      Summ           0%         N/A       100%        6
 Summon Hydra             Summ           0%         N/A       100%        7


Dungeon Overview and Level Annotations

Branches:
Dungeon (9/15)             Temple (1/1) D:5
   Lair: D:8-11         Orc: D:9-12

Altars:
Ashenzari
Cheibriados
Elyvilon
Fedhas
Gozag
Hepliaklqana
Kikubaaqudgha
Makhleb
Nemelex Xobeh
Qazlal
Ru
Sif Muna
Trog
Uskayaw
Vehumet
Wu Jian
Xom
Zin
The Shining One

Shops:
D:4 (   D:7 (   D:8 [=

Annotations:
D:8 Maurice


Innate Abilities, Weirdness & Mutations

You have a pair of horns on your head.
You reflexively headbutt those who attack you in melee.


Message History

You barely miss the wyvern.
The wyvern bites you but does no damage.
The wyvern bites you!
* * * LOW HITPOINT WARNING * * *
You closely miss the wyvern. Your headbutt misses the wyvern.
You hear some strange, mumbled words.
The wyvern bites you but does no damage.
You slash the wyvern! Your headbutt misses the wyvern.
The wyvern is heavily wounded.
The wyvern bites you.
* * * LOW HITPOINT WARNING * * *
You hit the wyvern.
The wyvern is heavily wounded.
You hit the orc priest but do no damage.
The wyvern closely misses you. You furiously retaliate!
You headbutt the wyvern, but do no damage.
The wyvern barely misses you. You furiously retaliate!
You headbutt the wyvern, but do no damage.
The orc priest hits you with a +0 hand axe.
* * * LOW HITPOINT WARNING * * *
You feel very mighty all of a sudden.
The wyvern bites you but does no damage.
The orc priest barely misses you. You furiously retaliate!
You headbutt the orc priest!
As you read the scroll labelled BOOVYNW PEAT, it crumbles to dust.
It is a scroll of enchant armour.
Your +0 scale mail glows green for a moment.
The wyvern bites you.
* * * LOW HITPOINT WARNING * * *
The orc wizard mumbles some strange words.
The orc wizard flickers and vanishes!
The wyvern bites you but does no damage.
As you read the scroll labelled UZAOLA OWAXZE, it crumbles to dust.
Your body is wracked with pain!
* * * LOW HITPOINT WARNING * * *
The wyvern convulses!
The centaur convulses!
Something is bathed in an unholy light!
The orc priest convulses!
Something is bathed in an unholy light!
It was a scroll of torment.
The wyvern bites you!
You die...

.....###.∩.#.#.###≈~.##
##..............##≈..~##
###.....[.##..†##≈....#
###....)o#(..##≈..~.#
...##....ool).c≈.~..#
###........#§..≈.#.#
......#..####....#
.......##..###{...#
.......##..#@lc..## .
..≈≈≈..o##...# #..≈#.###
......# .# ... ≈~~~.~.
...# .~~~~~~ .≈..
♣~~~~~. .≈. ≈~♣### ≈≈
..~


You could see a wyvern, a centaur and an orc priest.

Vanquished Creatures
  Pikel (D:4)
  Maggie (D:7)
  Sigmund (D:6)
  2 water moccasins
  An orc warrior (D:6)
  3 ice beasts
  A black bear (D:5)
  2 ogres
  A sky beast (D:7)
  2 centaurs
  A lemure (D:4)
  A bullfrog (D:6)
  3 kobold brigands
  4 necrophages
  4 scorpions
  A gnoll sergeant (D:6)
  5 howler monkeys
  A crimson imp (D:5)
  3 hounds
  5 jellies
  A gnoll bouda (D:5)
  5 orc priests
  Crazy Yiuf (D:3)
  Jessica (D:3)
  Natasha (twice) (D:3)
  Ijyb (D:3)
  Terence (D:3)
  An iguana (D:7)
  2 orc wizards
  8 adders
  12 gnolls
  A shadow imp (D:5)
  A white imp (D:8)
  An ufetubus (D:6)
  A worm (D:4)
  2 dart slugs
  19 orcs
  4 bats
  6 endoplasms
  7 goblins
  8 hobgoblins
  3 jackals (D:2)
  17 kobolds
  4 quokkas
  8 ball pythons
  2 frilled lizards (D:1)
  4 rats
  A bush (D:4)
167 creatures vanquished.

Vanquished Creatures (others)
  5 plants (D:1)
5 creatures vanquished.

Grand Total: 172 creatures vanquished

Notes
Turn   | Place    | Note
-------+----------+-------------------------------------------
     0 | D:1      | Ulme007 the Minotaur Fighter began the quest for the Orb.
     0 | D:1      | Reached XP level 1. HP: 19/19 MP: 0/0
   183 | D:1      | Reached XP level 2. HP: 23/27 MP: 1/1
   874 | D:2      | Reached skill level 3 in Axes
   874 | D:2      | Reached XP level 3. HP: 27/33 MP: 2/2
  1273 | D:2      | Found a blossoming altar of Fedhas.
  1319 | D:2      | Reached XP level 4. HP: 41/41 MP: 3/3
  1696 | D:3      | Noticed Jessica
  1714 | D:3      | Killed Jessica
  1865 | D:3      | Reached skill level 4 in Axes
  1865 | D:3      | Reached XP level 5. HP: 14/47 MP: 4/4
  2010 | D:3      | Noticed Ijyb
  2036 | D:3      | Killed Ijyb
  2037 | D:3      | Reached skill level 5 in Armour
  2037 | D:3      | Reached skill level 1 in Dodging
  2425 | D:3      | Noticed Terence
  2430 | D:3      | Killed Terence
  2662 | D:3      | Found a broken altar of Ashenzari.
  2902 | D:3      | Noticed Natasha
  2907 | D:3      | Killed Natasha
  2931 | D:3      | Found a runed translucent door.
  2932 | D:3      | Noticed Crazy Yiuf
  2939 | D:3      | Killed Crazy Yiuf
  2940 | D:3      | Reached XP level 6. HP: 42/53 MP: 5/5
  3034 | D:3      | Noticed Natasha
  3040 | D:3      | Killed Natasha
  3041 | D:3      | Reached skill level 5 in Axes
  3125 | D:4      | Reached skill level 5 in Fighting
  3387 | D:4      | Found a sparkling altar of Nemelex Xobeh.
  3430 | D:4      | Found Batavit's Weapon Shop.
  3597 | D:4      | Reached XP level 7. HP: 56/61 MP: 6/6
  3600 | D:4      | Reached skill level 6 in Axes
  3886 | D:4      | Noticed Pikel
  3900 | D:4      | Killed Pikel
  3901 | D:4      | Reached skill level 7 in Axes
  3901 | D:4      | Reached XP level 8. HP: 23/70 MP: 7/7
  4456 | D:4      | Found a white marble altar of Elyvilon.
  4504 | D:5      | Entered Level 5 of the Dungeon
  4629 | D:5      | Reached skill level 8 in Axes
  4804 | D:5      | Found a shimmering altar of Xom.
  4806 | D:5      | Found a burning altar of Makhleb.
  4954 | D:5      | Found a bloodstained altar of Trog.
  5023 | D:5      | Found a staircase to the Ecumenical Temple.
  5035 | Temple   | Entered the Ecumenical Temple
  5223 | D:5      | Reached skill level 5 in Shields
  5874 | D:6      | Found a stormy altar of Qazlal.
  5893 | D:6      | HP: 1/71 [orc priest/+0 club (3)]
  5897 | D:6      | Reached skill level 9 in Axes
  6199 | D:6      | Reached XP level 9. HP: 66/78 MP: 8/8
  6706 | D:6      | Reached skill level 10 in Axes
  6886 | D:6      | Noticed Sigmund
  6898 | D:6      | Killed Sigmund
  6998 | D:6      | Found a radiant altar of Vehumet.
  7420 | D:7      | Found a hide-covered altar of Uskayaw.
  7849 | D:7      | Found Tiegedao's Weapon Shop.
  7879 | D:7      | Reached skill level 11 in Axes
  8116 | D:7      | Found an ornate altar of the Wu Jian Council.
  8380 | D:7      | Noticed Maggie
  8391 | D:7      | Killed Maggie
  8732 | D:8      | Found Qulaes's Armour Shoppe.
  8825 | D:8      | Found Situt's Jewellery Shoppe.
  8835 | D:8      | Noticed Maurice
  8844 | D:8      | Reached skill level 1 in Stealth
  8845 | D:8      | Reached XP level 10. HP: 84/88 MP: 9/9
  8860 | D:8      | Noticed a seven-headed hydra
  8877 | D:8      | Slain by a wyvern

Illustrated notes

Levels and vault maps discovered:
D:1:      heliophobic_arrival_ceremonial_halls, layout_rooms, serial_forest,
          infiniplex_forest_clump_C, infiniplex_forest_end_2,
          infiniplex_forest_corner_2, infiniplex_forest_clump_long,
          patterned_corridor
D:2:      cheibrodos_greedy_goblins, layout_rooms, basic_altar
D:3:      layout_loops_ring, old_standard_altar, uniq_natasha, uniq_jessica,
          uniq_terence, uniq_crazy_yiuf_cottage, uniq_ijyb
D:4:      layout_cave_pods, nicolae_elyvilon_peaceful_grove,
          nicolae_overflow_hidden_temple, serial_shops,
          nicolae_shop_bloodbath_and_beyond, uniq_pikel
D:5:      layout_basic, grunt_temple_overflow_champion_of_chaos,
          mainiacjoe_overflow_tiny_flanked, temple_hall, columned_hall_lemuel
D:6:      layout_rooms, nicolae_qazlal_scattered_showers,
          nicolae_vehumet_altar_sigil, uniq_sigmund
D:7:      layout_gridville, kennysheep_mini, nicolae_overflow_crystal_walls,
          serial_shops, shop_statue, uniq_maggie
D:8:      minmay_the_grid_four_pointed_star
          [minmay_the_grid_triangle_9x9_pentomino_pain,
          minmay_the_grid_triangle_9x9_sparse_checkered,
          minmay_the_grid_triangle_9x9_tough_junction,
          minmay_the_grid_triangle_9x9_shrine, minmay_the_grid_prize_big_room],
          layout_cave_pools, serial_rivers, chequers_serial_rivers_room_a,
          chequers_serial_rivers_marsh, chequers_serial_rivers_small_b,
          chequers_serial_rivers_micro_e, chequers_serial_rivers_marsh,
          serial_shops, shop, shop, nicolae_shop_stone,
          nicolae_shop_statue_plus, minmay_holes, uniq_maurice, uniq_gastronok
D:9:      layout_stronghold, mainiacjoe_overflow_alcove_2, lemuel_crystal_altar,
          erik_lair_dragon, feat_on_display, uniq_harold
Temple:   nicolae_temple_colour_theory

Skill      XL: |  1  2  3  4  5  6  7  8  9 |
---------------+----------------------------+-----
Fighting       | 4 5 6 8 |  8.0
Axes           | 3 4 5 7 9 11 | 11.6
Armour         | 4 5 7 8 9 |  9.4
Shields        | 4 5 |  5.5
Dodging        | 1 2 3 |  3.9
Stealth        | 1 |  1.0
Unarmed Combat | |  0.6

Action                   |  1- 3 |  4- 6 |  7- 9 | 10-12 || total
-------------------------+-------+-------+-------+-------++-------
Melee: War axe           |    82 |    85 |   277 |    18 ||   462
       Headbutt          |    13 |    10 |    68 |     2 ||    93
       Unarmed           |       |    22 |       |       ||    22
  Use: Scroll            |     2 |     1 |     5 |     3 ||    11
       Potion            |       |     3 |     2 |     1 ||     6
Armor: Scale mail        |    46 |    26 |    99 |    10 ||   181
Dodge: Dodged            |    58 |    52 |   125 |     9 ||   244
Block: Buckler           |    20 |    18 |    57 |     5 ||   100
